AoeStats
← K

Oasis

509650529Analyzed
3v3 RM · 6d ago on Sep 27, 2026· 53m 45s· 6 players
Game mode
Random Map
Map size
Normal (6 player)
Population
200
Speed
Normal
Resources
Standard
Victory
Conquest
Starting age
Dark Age
Ending age
Imperial Age
RankedLock teamsTeams togetherTeam positionsShared explorationLock speedFull tech treeHidden civsTurbo modeCheats
Victory
Defeat
🇨🇭 Japanese · Switzerland
1072
+11
🇨🇭 Varangians · Switzerland
1004
+14
🇫🇷 Jurchens · France
1004
+14
🇬🇧 Dravidians · United Kingdom
1130
-20
🇨🇳 Romans · China
931
-12
🇨🇳 Persians · China
803
-7
Kvar le Casoar
11:37 Feudal Age
13:48 Wheelbarrow
13:13 Double-Bit Axe
13:37 Loom
18:02 Castle Age
16:20 Horse Collar
17:38 Bloodlines
17:45 Gold Mining
25:11 Husbandry
27:50 Forging
30:13 Bow Saw
30:42 Scale Barding Armor
30:29 Fletching
30:47 Heavy Plow
32:46 Hand Cart
34:35 Iron Casting
34:21 Chain Barding Armor
34:16 Town Watch
36:30 Bodkin Arrow
39:54 Imperial Age
40:33 Ballistics
40:19 Siege Engineers
40:24 Masonry
41:43 Two-Man Saw
41:17 Crop Rotation
41:50 Chemistry
40:34 Treadmill Crane
41:32 Plate Barding Armor
41:58 Blast Furnace
40:59 Bracer
40:38 Elite Iron Pagoda
40:56 Heavy Rocket Cart
42:23 Hoardings
43:21 Thunderclap Bombs
44:00 Padded Archer Armor
45:45 Gold Shaft Mining
45:01 Stone Mining
46:09 Architecture
45:35 Murder Holes
45:50 Fortified Wall
Azgallon le cochon
3:28 Loom
11:38 Feudal Age
12:11 Double-Bit Axe
12:15 Horse Collar
20:26 Castle Age
20:01 Gold Mining
20:03 Stone Mining
21:02 Bloodlines
21:00 Scale Barding Armor
21:05 Forging
21:45 Husbandry
23:44 Chain Barding Armor
24:43 Stone Shaft Mining
24:22 Heavy Plow
25:40 Wheelbarrow
24:50 Town Watch
27:43 Hand Cart
28:36 Bow Saw
29:58 Iron Casting
30:24 Vendel Legacy
33:28 Fletching
39:25 Imperial Age
37:43 Town Patrol
39:39 Cavalier
40:58 Plate Barding Armor
41:35 Elite Jarl
42:36 Conscription
42:39 Caravan
46:45 Onager
54:40 Ballistics
54:26 Siege Engineers
55:22 Chemistry
Cpt.Podemayo
6:40 Loom
12:46 Feudal Age
13:08 Horse Collar
13:15 Double-Bit Axe
18:05 Castle Age
18:45 Heavy Plow
18:57 Bow Saw
19:51 Wheelbarrow
22:54 Gold Mining
29:07 Forging
28:57 Scale Mail Armor
28:46 Gambesons
29:02 Squires
29:09 Stone Mining
30:00 Hand Cart
30:34 Gold Shaft Mining
34:53 Imperial Age
34:20 Chain Mail Armor
34:41 Iron Casting
35:04 Arson
35:54 Conscription
35:57 Kataparuto
35:02 Elite Samurai
36:49 Plate Mail Armor
37:19 Blast Furnace
41:48 Heavy Scorpion
42:00 Onager
45:07 Pikeman
49:45 Two-Man Saw
49:00 Caravan
49:30 Coinage
52:07 Man-at-Arms
52:10 Halberdier
K
10:17 Feudal Age
15:31 Castle Age
14:20 Double-Bit Axe
17:08 Bow Saw
16:40 Horse Collar
18:09 Loom
20:42 Stone Mining
21:31 Heavy Plow
23:27 Wheelbarrow
23:45 Gold Mining
24:43 Padded Archer Armor
24:50 Town Watch
25:13 Squires
25:28 Forging
25:27 Gambesons
25:25 Pikeman
29:34 Hand Cart
32:01 Imperial Age
29:32 Town Patrol
29:24 Fletching
31:17 Leather Archer Armor
30:57 Bodkin Arrow
33:16 Bodkin Arrow
34:27 Chemistry
34:38 Thumb Ring
33:58 Elite Elephant Archer
35:45 Bracer
36:25 Ballistics
38:01 Ring Archer Armor
38:07 Iron Casting
37:33 Scale Mail Armor
38:00 Masonry
38:28 Conscription
41:28 Medical Corps
42:24 Wootz Steel
45:18 Halberdier
45:59 Elite Skirmisher
46:57 Arson
53:30 Blast Furnace
52:45 Chain Mail Armor
打爆你的金针菇
11:37 Feudal Age
12:45 Double-Bit Axe
18:20 Castle Age
17:20 Stone Mining
20:42 Gold Mining
22:27 Loom
28:00 Pikeman
30:14 Bow Saw
31:54 Gold Shaft Mining
34:08 Wheelbarrow
38:59 Hand Cart
43:32 Imperial Age
40:34 Man-at-Arms
41:18 Squires
41:31 Forging
41:22 Scale Mail Armor
41:36 Fortified Wall
41:20 Long Swordsman
43:35 Legionary
伐伐伐伐木工
12:19 Feudal Age
13:29 Double-Bit Axe
13:28 Horse Collar
21:20 Wheelbarrow
24:04 Stone Mining
24:05 Gold Mining
30:29 Castle Age
28:01 Man-at-Arms
31:43 Hand Cart
30:58 Pikeman
31:39 Squires
35:25 Imperial Age
41:21 Elite War Elephant
Connection lost

Rejoining the realm…

Still unreachable

The connection could not be restored.

Session expired

The server has moved on; the page needs a fresh start.